 Seeded DCSS version 0.28-a0-1567-g1695149f81 (webtiles) character file.

Game seed: 41976 (custom seed)

53 knot the Chopper (level 3, -2/29 HPs)
             Began as a Demonspawn Berserker on Jan 20, 2022.
             Was a Believer of Trog.
             Slain by a goblin (6 damage)
             ... led by Robin
             ... on level 2 of the Dungeon.
             The game lasted 00:01:03 (2007 turns).

knot the Chopper (Demonspawn Berserker)             Turns: 2007, Time: 00:01:07

Health: -2/29      AC:  2    Str: 17    XL:     3   Next: 64%
Magic:  3/3        EV: 12    Int: 10    God:    Trog [**....]
Gold:   85         SH:  0    Dex: 12    Spells: 2/2 levels left

rFire   . . .      SeeInvis .   a - +0 hand axe
rCold   . . .      Faith    .   (no shield)
rNeg    . . .      Spirit   .   b - +0 animal skin
rPois   .          Reflect  .   (helmet restricted)
rElec   .          Harm     .   (no cloak)
rCorr   .          Rampage  .   (no gloves)
Will    .....                   (no boots)
Stlth   +.........              (no amulet)
HPRegen 0.09/turn               (no ring)
MPRegen 0.08/turn               (no ring)

@: no status effects
A: horns 1
a: Renounce Religion, Berserk, Trog's Hand


You were on level 2 of the Dungeon.
You worshipped Trog.
Trog was pleased with you.
You visited 1 branch of the dungeon, and saw 2 of its levels.

You collected 85 gold pieces.

Inventory:

Hand Weapons
 a - a +0 hand axe (weapon)
Missiles
 e - 5 stones (quivered)
 g - 27 sling bullets
Armour
 b - a +0 animal skin (worn)
Potions
 c - a potion of curing {unknown}
 d - a potion of haste {unknown}
 f - a potion of flight {unknown}


   Skills:
 - Level 3.0 Fighting
 + Level 4.2 Axes
 - Level 1.7 Armour
 - Level 1.7 Dodging


You had 2 spell levels left.
You didn't know any spells.
Your spell library was empty.

Dungeon Overview and Level Annotations

Branches:
Dungeon (2/15)

Altars:

Shops:
D:1 [   D:2 *:

Annotations:
D:2 Robin


Innate Abilities, Weirdness & Mutations

You have a pair of small horns on your head.


Message History

The hobgoblin is almost dead.
You hear a shout!
A goblin comes into view. It is wielding a +0 dagger.
The hobgoblin hits you.
Robin roars a battlecry!
The goblin goes into a battle-frenzy!
A goblin comes into view. It is wielding a +0 dagger.
Robin throws the goblin at you!
You closely miss the goblin. Your headbutt misses the goblin.
You closely miss the hobgoblin. The goblin hits you with a +0 club.
The hobgoblin closely misses you.
You barely miss the goblin. You headbutt the goblin.
The goblin is moderately wounded.
You hit the hobgoblin.
You kill the hobgoblin!
Trog accepts your kill. The goblin barely misses you.
You closely miss the goblin.
The goblin is moderately wounded.
You hit the goblin. The goblin hits you with a +0 club. x2
You closely miss the goblin.
The goblin is moderately wounded.
You hit the goblin.
You kill the goblin!
Trog accepts your kill.
You can now call upon Trog for regeneration and willpower.
The goblin hits you with a +0 club.
Robin says, "Bow before me, strongest of all the hobgoblins!"
You closely miss the goblin. You headbutt the goblin.
The goblin is severely wounded.
The goblin closely misses you.
Robin hits you from afar with a +1 trident of venom.
* * * LOW HITPOINT WARNING * * *
As you read the scroll labelled ZATWUP WAFYMECK, it crumbles to dust.
You hear a loud clanging noise!
It was a scroll of noise.
You hear an angry hiss. x2
The goblin no longer looks unusually strong.
The goblin hits you with a +0 club.
You die...

...# ##.### .....#
##.#.# #######..
##.#.# #.......#
.....########.####
<................#
##.....######.##g#
###.#.# #.##@#
#.#.# #.##)# #.#.#
#.##g# #.#.#
#.##g# #.#.#
#.##g# #.#.#
#.##g# ####....
#g# ......<. #g#
######. #.#


You could see Robin, a hobgoblin (strong) and 5 goblins.

Vanquished Creatures
  An adder (D:2)
  A worm (D:2)
  3 endoplasms (D:1)
  5 goblins
  5 hobgoblins
  6 jackals
  3 quokkas (D:1)
  3 ball pythons
  2 frilled lizards (D:1)
  4 kobolds (D:1)
  4 rats
37 creatures vanquished.

Notes
Turn   | Place    | Note
-------+----------+-------------------------------------------
     0 | D:1      | knot the Demonspawn Berserker began the quest for the Orb.
     0 | D:1      | Reached XP level 1. HP: 18/18 MP: 1/1
    96 | D:1      | Reached skill level 3 in Axes
   309 | D:1      | Gained mutation: You have a pair of small horns on your
                  | head. [demonic ancestry]
   309 | D:1      | Reached XP level 2. HP: 14/24 MP: 2/2
   969 | D:1      | Found Pimmai's Antique Armour Shoppe.
  1222 | D:1      | Found a faded altar of an unknown god.
  1532 | D:2      | Reached skill level 4 in Axes
  1532 | D:2      | Reached XP level 3. HP: 23/29 MP: 3/3
  1636 | D:2      | Reached ** piety under Trog
  1842 | D:2      | Found Fasu's Assorted Antiques.
  1855 | D:2      | Found Teuth's Book Shop.
  1995 | D:2      | Noticed Robin
  2007 | D:2      | Slain by a goblin

Illustrated notes

Levels and vault maps discovered:
D:1:      minmay_arrival_four_houses, layout_loops_ring,
          dreamdust_ecumenical_altar_hidden_monk_grotto, serial_shops, shop,
          serial_bayou_pond_d
D:2:      layout_loops_ring, serial_shops, nicolae_shop_trees,
          nicolae_shop_advertising_works [nicolae_subvault_shop_adworks],
          nicolae_shop_trees, uniq_robin

Skill      XL: |  1  2 |
---------------+-------+-----
Axes           | 3 4 |  4.2
Fighting       | |  3.0
Armour         | |  1.7
Dodging        | |  1.7

Action                   || total
-------------------------++-------
Melee: Hand axe          ||    97
       Headbutt          ||    13
       Punch             ||     1
  Use: Scroll            ||     1
 Stab: Sleeping          ||     1
Armor: Animal skin       ||    11
Dodge: Dodged            ||    61

Table legend: (Time is in decaauts)
 A = Elapsed time spent in this place.
 B = Non-inter-level travel time spent in this place.
 C = Inter-level travel time spent in this place.
 D = Time resting spent in this place.
 E = Time spent auto-exploring this place.
 F = Levels seen in this place.
 G = Mean time per level.
                   A        B        C        D        E       F      G
               +--------+--------+--------+--------+--------+-----+--------+
         Total |   2018 |   1963 |     55 |      0 |   1736 |   2 | 1009.0 |
       Dungeon |   2018 |   1963 |     55 |      0 |   1736 |   2 | 1009.0 |
               +--------+--------+--------+--------+--------+-----+--------+

Top non-repeatable levels by time:
     D:1: 1513 daAuts
     D:2: 505 daAuts
